Description

after warpin dt's just like harstem build.

Build Order

Get SALT Encoding   

  14  0:17  Pylon  
  16  0:36  Gateway  scout, chrono at nexus
  18  1:11  Nexus  
  18  1:18  Assimilator  
  19  1:24  Assimilator  
  20  1:38  Cybernetics Core  3 probes to gas
  21  1:47  Pylon  2 probes to gas and rally from nexus third
  25  2:14  Adept (Chrono Boost), Warp Gate  
  26  2:24  Twilight Council  
  30  2:45  Robotics Facility  chrono at warp gate
  33  3:06  Dark Shrine  
  35  3:13  Gateway  
  35  3:17  Gateway  
  37  3:32  Warp Prism (Chrono Boost)  
  41  3:40  Assimilator  
  41  3:44  Pylon  
  43  3:52  Stalker  
  46  3:59  Pylon  3 probes to 3th assimilator
  47  4:06  Pylon  
  49  4:18  Dark Templar x3  
Spawning Tool Build Advisor. Get it on Overwolf

Analysis

seriously it's only 2 sec faster than normal i think it is no worth it.

Go to:

Details

  • Created by: kwercu
  • Published on: Mar 10, 2021
  • Modified on: Mar 10, 2021
  • Patch: 4.11.0
  • Difficulty: Hard
Show
View Real Time Build Order
Export as new Build Order

Comments (0)

There are no comments. Be the first!

Create an account to comment!